 Dungeon Crawl Stone Soup version 0.30-b1-2-g02819fbbbe (webtiles) character file.

Game seed: 800519380642965127

5901 Alarkh the Geomancer (level 10, -2/70 HPs)
             Began as a Demonspawn Earth Elementalist on May 30, 2023.
             Was a Follower of Uskayaw.
             Slain by a catoblepas (12 damage)
             ... on level 9 of the Dungeon.
             The game lasted 00:18:28 (8043 turns).

Alarkh the Geomancer (DsEE)                         Turns: 8043, Time: 00:18:29

Health: -2/70      AC:  9    Str:  9    XL:     10   Next: 53%
Magic:  19/21      EV: 11    Int: 21    God:    Uskayaw [*.....]
Gold:   109        SH:  0    Dex: 13    Spells: 20/24 levels left

rFire   + . .        b - +3 spear "Newtbane" {freeze, rPois rC+ rN+}
rCold   + . .        (no shield)
rNeg    + . .        q - +3 ring mail
rPois   +            (no helmet)
rElec   .            (cloak unavailable)
rCorr   .            (no gloves)
SInv    .            v - +0 pair of boots
Will    .....        (no amulet)
Stlth   +            x - +4 ring of slaying
HPRegen 0.31/turn    H - ring of protection from fire
MPRegen 0.17/turn

%: no passive effects
@: studying Ranged Weapons
A: powered by death 1, demonic magic 2, weakness stinger 3
a: Renounce Religion, Stomp


You were on level 9 of the Dungeon.
You worshipped Uskayaw.
Uskayaw was noncommittal.
You visited 2 branches of the dungeon, and saw 10 of its levels.

You collected 459 gold pieces.
You spent 350 gold pieces at shops.

Inventory:

Hand Weapons
 b - the +3 spear "Newtbane" (weapon) {freeze, rPois rC+ rN+}
   (You found it on level 4 of the Dungeon)

   rC:        It protects you from cold.
   rPois:     It protects you from poison.
   rN:        It protects you from negative energy.
 n - a +0 rapier
 D - a +0 dagger
 P - a +0 dagger of speed
Armour
 q - a +3 ring mail (worn)
 t - a +0 robe
 v - a +0 pair of boots (worn)
 O - a +0 ring mail of fire resistance
Magical Staves
 a - a staff of conjuration
 s - a staff of fire
Jewellery
 f - a ring of positive energy
 p - a ring of poison resistance
 x - a +4 ring of slaying (left hand)
 G - an amulet of guardian spirit
 H - a ring of protection from fire (right hand)
Wands
 j - a wand of flame (5)
 J - a wand of charming (9)
 L - a wand of roots (8)
Scrolls
 e - a scroll of blinking
 g - 2 scrolls of poison {unknown}
 i - a scroll of enchant armour {unknown}
 l - a scroll of fog
 o - a scroll of fear {unknown}
 r - a scroll of immolation
 y - 4 scrolls of noise
 A - a scroll of enchant weapon {unknown}
 C - a scroll of torment {unknown}
 E - a scroll of butterflies {unknown}
 F - a scroll of acquirement {unknown}
 I - a scroll of magic mapping {unknown}
 K - a scroll of amnesia
 M - 3 scrolls of teleportation
 N - 5 scrolls of identify
 R - 2 scrolls of brand weapon {unknown}
Potions
 c - 2 potions of lignification
 d - a potion of invisibility
 h - a potion of flight
 k - a potion of heal wounds
 m - 2 potions of degeneration
 u - 2 potions of cancellation
 w - 2 potions of magic
 z - 2 potions of attraction
 B - a potion of haste
 Q - a potion of resistance


   Skills:
 + Level 3.0 Fighting
 * Level 2.3 Staves
 + Level 3.5 Dodging
 - Level 1.7 Stealth
 + Level 7.6 Spellcasting
 * Level 2.5 Conjurations
 - Level 0.8 Transmutations
 * Level 10.9 Earth Magic
 + Level 4.1 Invocations
 + Level 1.7 Evocations


You had 20 spell levels left.
You knew the following spells:

 Your Spells              Type           Power      Damage    Failure   Level
a - Sandblast             Erth           100%       2d20      1%          1
b - Stone Arrow           Conj/Erth      72%        3d11      4%          3

Your spell library contained the following spells:

 Spells                   Type           Power      Damage    Failure   Level
 Passwall                 Tmut/Erth      26%        N/A       3%          2
 Petrify                  Tmut/Erth      32%        N/A       21%         4
 Leda's Liquefaction      Hex/Erth       15%        N/A       24%         4
 Vhi's Electric Charge    Tloc/Air       16%        N/A       56%         3
 Anguish                  Hex/Necr       4%         N/A       92%         4
 Irradiate                Conj/Tmut      7%         3d14      97%         5
 Blade Hands              Tmut           5%         N/A       99%         5
 Summon Mana Viper        Hex/Summ       8%         N/A       99%         5
 Dragon Form              Tmut           5%         N/A       100%        7
 Enfeeble                 Hex            4%         N/A       100%        7


Dungeon Overview and Level Annotations

Branches:
Dungeon (9/15)             Temple (1/1) D:7            Lair (0/5) D:9
    Orc: D:9-12

Altars:
Ashenzari
Cheibriados
Dithmenos
Fedhas
Gozag
Hepliaklqana
Kikubaaqudgha
Makhleb
Nemelex Xobeh
Okawaru
Qazlal
Ru
Trog
Uskayaw
Vehumet
Wu Jian
Xom
Yredelemnul

Shops:
D:4 =   D:7 :   D:8 *

Annotations:
D:7 1 runed translucent door, Crazy Yiuf


Innate Abilities, Weirdness & Mutations

You regenerate a little health from kills.
Spells you cast may paralyse nearby enemies.
You have a sharp stinger which inflicts weakening toxins.


Message History

Casting: Sandblast (safe; 1% risk of failure)
Confirm with . or Enter, or press ? or * to list all spells.
Aiming: Sandblast (safe; 1% risk of failure)
Press: ? - help, Shift-Dir - straight line, f/p - efreet
Aim: an efreet, wielding a +0 scimitar of flaming (moderately wounded, paralysed, 100% to hit)
The blast of sand hits the efreet!
The efreet is almost dead.
The efreet is no longer paralysed.
The catoblepas breathes a plume of calcifying dust at you.
The blast of calcifying dust hits the efreet.
The blast of calcifying dust hits you!
You can now pass through a line of other dancers.
Casting: Sandblast (safe; 1% risk of failure)
Confirm with . or Enter, or press ? or * to list all spells.
Aiming: Sandblast (safe; 1% risk of failure)
Press: ? - help, Shift-Dir - straight line, f/p - efreet
Aim: an efreet, wielding a +0 scimitar of flaming (calcifying dust, almost dead, 95% to hit)
The blast of sand hits the efreet!!
You kill the efreet!
You are engulfed in calcifying dust.
You are slowing down.
The catoblepas gores you.
You have turned to stone.
The catoblepas gores you.
The catoblepas gores you but does no damage.
The catoblepas gores you!! The catoblepas barely misses you.
You can no longer pass through a line of other dancers.
The catoblepas breathes a plume of calcifying dust at you.
The blast of calcifying dust hits you.
You are engulfed in calcifying dust.
The catoblepas gores you!!
* * * LOW HITPOINT WARNING * * *
You are engulfed in calcifying dust.
The catoblepas gores you!
* * * LOW HITPOINT WARNING * * *
You are engulfed in calcifying dust.
The catoblepas gores you!
* * * LOW HITPOINT WARNING * * *
You turn to flesh and can move again.
The catoblepas attacks as you move away!
The catoblepas gores you!
You die...

...#............)....#.#
...#.........#######.#.#
...#.........#P○○RP#...
####.........#.###.#.#
.............# +$#.'.###
###########..#.###.#)#.#
#..#PY..P#°.##
#..#######.#.###.
#...§§@Y).........
#............#####
#..........(.#
#............#
##############


You could see a catoblepas.

Vanquished Creatures
  A fire crab (D:9)
  A manticore (D:7)
  An efreet (D:9)
  2 hornets (D:8)
  A wraith (D:6)
  A steam dragon (D:8)
  A vampire mosquito (D:7)
  2 water moccasins
  An ice beast (D:6)
  4 sky beasts
  3 black bears
  3 orc warriors
  2 ogres
  3 centaurs
  A phantom (D:7)
  2 kobold brigands (D:9)
  Blork the orc (D:5)
  A gnoll sergeant (D:9)
  A bullfrog (D:6)
  4 scorpions
  7 wights (D:9)
  15 killer bees
  A howler monkey (D:9)
  An orc priest (D:5)
  A hound (D:5)
  2 sleepcaps
  An iguana (D:6)
  8 orc wizards
  4 gnolls
  11 adders
  2 shadow imps
  2 white imps
  3 worms
  3 dart slugs
  32 orcs
  4 ball pythons
  6 endoplasms
  4 giant cockroaches
  7 goblins
  6 hobgoblins
  12 kobolds
  2 quokkas
  3 bats
  4 frilled lizards
  A rat (D:3)
178 creatures vanquished.

Vanquished Creatures (others)
  A butterfly (D:3)
  7 plants (D:9)
8 creatures vanquished.

Grand Total: 186 creatures vanquished

Notes
Turn   | Place    | Note
-------+----------+-------------------------------------------
     0 | D:1      | Alarkh the Demonspawn Earth Elementalist began the quest
                  | for the Orb.
     0 | D:1      | Reached XP level 1. HP: 13/13 MP: 3/3
   262 | D:1      | Reached skill level 3 in Earth Magic
   431 | D:1      | Gained mutation: You have a small tail. [demonic ancestry]
   431 | D:1      | Reached XP level 2. HP: 17/19 MP: 0/5
  1222 | D:2      | Gained mutation: You have a tail ending in a sharp stinger.
                  | [demonic ancestry]
  1222 | D:2      | Reached XP level 3. HP: 24/24 MP: 4/6
  1710 | D:3      | Reached skill level 4 in Earth Magic
  1710 | D:3      | Gained mutation: You regenerate a little health from kills.
                  | [demonic ancestry]
  1710 | D:3      | Reached XP level 4. HP: 30/30 MP: 5/8
  1851 | D:3      | Found an opulent altar of Gozag.
  1875 | D:3      | Learned a level 3 spell: Stone Arrow
  1975 | D:3      | Found a stormy altar of Qazlal.
  1982 | D:3      | Found a shadowy altar of Dithmenos.
  2345 | D:3      | Reached XP level 5. HP: 22/35 MP: 0/9
  2553 | D:4      | Noticed a black bear
  2553 | D:4      | Found Momobeosch's Jewellery Shoppe.
  2599 | D:4      | Noticed an ogre
  2790 | D:4      | Killed an ogre
  2791 | D:4      | Reached skill level 5 in Earth Magic
  2846 | D:4      | Got the Vellum of Distorted Execration
  2898 | D:4      | Gained mutation: You have a sharp stinger which inflicts
                  | weakening toxins. [demonic ancestry]
  2898 | D:4      | Reached XP level 6. HP: 41/41 MP: 7/11
  2919 | D:4      | Identified the +3 spear "Newtbane" {freeze, rPois rC+ rN+}
  3110 | D:4      | Noticed an orc warrior
  3293 | D:4      | Killed an orc warrior
  3400 | D:4      | Reached skill level 6 in Earth Magic
  3523 | D:5      | Entered Level 5 of the Dungeon
  3535 | D:5      | Found a hide-covered altar of Uskayaw.
  3535 | D:5      | Found a basalt altar of Yredelemnul.
  3538 | D:5      | Found a sacrificial altar of Ru.
  3559 | D:5      | Gained mutation: Spells you cast may paralyse adjacent
                  | enemies. [demonic ancestry]
  3559 | D:5      | Reached XP level 7. HP: 46/46 MP: 8/13
  3635 | D:5      | Noticed Blork the orc
  3653 | D:5      | Killed Blork the orc
  3827 | D:5      | Reached skill level 7 in Earth Magic
  3911 | D:5      | Reached skill level 5 in Spellcasting
  4167 | D:6      | Reached XP level 8. HP: 52/52 MP: 10/15
  4274 | D:6      | Reached skill level 8 in Earth Magic
  4933 | D:7      | Found Ifuci's Book Shoppe.
  4997 | D:7      | Found a runed translucent door.
  4998 | D:7      | Noticed Crazy Yiuf
  5124 | D:7      | Reached skill level 9 in Earth Magic
  5126 | D:7      | Found an ornate altar of the Wu Jian Council.
  5210 | D:7      | Reached XP level 9. HP: 57/57 MP: 14/18
  5433 | D:7      | Found a staircase to the Ecumenical Temple.
  5447 | Temple   | Entered the Ecumenical Temple
  5726 | D:5      | Became a worshipper of Uskayaw the Reveller
  5755 | D:7      | Reached * piety under Uskayaw
  5901 | D:7      | Noticed a manticore
  5903 | D:7      | Reached ** piety under Uskayaw
  5904 | D:7      | Killed a manticore
  5905 | D:7      | Reached skill level 10 in Earth Magic
  6083 | D:8      | Found Alun's Demolitions Depot.
  6123 | D:8      | Reached skill level 1 in Invocations
  6124 | D:8      | Reached *** piety under Uskayaw
  6129 | D:8      | Reached skill level 1 in Fighting
  7091 | D:8      | Bought a staff of conjuration for 350 gold pieces
  7126 | D:9      | Gained mutation: Spells you cast may paralyse nearby
                  | enemies. [demonic ancestry]
  7126 | D:9      | Reached XP level 10. HP: 59/68 MP: 16/21
  7130 | D:9      | Reached **** piety under Uskayaw
  7343 | D:9      | Reached skill level 1 in Staves
  7343 | D:9      | Reached skill level 1 in Conjurations
  7429 | D:9      | Noticed a fire crab
  7449 | D:9      | Killed a fire crab
  7450 | D:9      | Reached skill level 1 in Evocations
  7569 | D:9      | Found a staircase to the Lair.
  7599 | D:9      | Found a hazy altar of Hepliaklqana.
  8021 | D:9      | Noticed a catoblepas
  8043 | D:9      | Slain by a catoblepas

Illustrated notes

Levels and vault maps discovered:
D:1:      dpeg_arrival_snail, layout_basic, serial_aquarium,
          aquarium_bridge_island_small [aquarium_subvault_small_open,
          aquarium_subvault_wall, aquarium_subvault_window,
          aquarium_subvault_window, aquarium_subvault_bridge],
          aquarium_window_corridor_2, aquarium_window_fake,
          aquarium_window_fake, aquarium_view_2e, minmay_misc_feat_four_crosses,
          corexii_item_surrounded_by_moat
D:2:      layout_basic, minmay_pentomino_r2
D:3:      layout_loops_ring, nicolae_elyvilon_peaceful_grove,
          nicolae_gozag_seed_capital, lemuel_round_altar,
          overflow_temple_1_default
D:4:      layout_cave_pools, serial_shops, nicolae_shop_tiny_glass,
          minmay_manual_monolith
D:5:      layout_rooms, nicolae_overflow_hidden_temple, grunt_ministairs_2,
          uniq_blork_the_orc
D:6:      layout_rooms, serial_park_tiny_2
D:7:      kennysheep_big_flooded_room, layout_rooms,
          nicolae_wu_jian_immortal_techniques, serial_shops,
          nicolae_book_shop_shelving, uniq_crazy_yiuf_cottage
D:8:      layout_loops_ring, mainiacjoe_overflow_cross_hatched,
          nicolae_blasting_shop, chequers_serial_rivers_small_b
D:9:      layout_irregular_city, nicolae_hepliaklqana_hazy_memory,
          minmay_lair_entry_lava, minmay_shattered_shrine
Temple:   minmay_temple_curvy_loop

Skill      XL: |  1  2  3  4  5  6  7  8  9 10 |
---------------+-------------------------------+-----
Earth Magic    | 3 4 5 6 7 9 10 | 10.9
Spellcasting   | 3 4 5 6 7 |  7.6
Dodging        | 2 3 |  3.5
Invocations    | 3 4 |  4.1
Fighting       | 2 3 |  3.0
Staves         | 2 |  2.3
Conjurations   | 2 |  2.5
Evocations     | 1 |  1.7
Stealth        | |  1.7
Transmutations | |  0.8

Action                     |  1- 3 |  4- 6 |  7- 9 | 10-12 || total
---------------------------+-------+-------+-------+-------++-------
  Melee: Rapier            |       |     2 |       |       ||     2
         Spear             |       |    16 |    11 |     4 ||    31
         Tailslap          |       |       |     2 |     1 ||     3
   Cast: Sandblast         |    38 |    81 |   151 |    63 ||   333
         Stone Arrow       |       |     4 |       |     3 ||     7
  Evoke: Wand              |       |     2 |       |       ||     2
    Use: Potion            |       |     4 |     1 |     1 ||     6
         Scroll            |       |     3 |    11 |     1 ||    15
   Stab: Paralysed         |       |       |     6 |     4 ||    10
 Armour: Robe              |     2 |     5 |     1 |       ||     8
         Ring mail         |       |       |    32 |    11 ||    43
  Dodge: Dodged            |     7 |    26 |    42 |    22 ||    97
